 Dungeon Crawl Stone Soup version 0.30-a0-739-gea05faddec (webtiles) character file.

Game seed: 9732131374851126776

1240 BubbleThief the Poker (level 8, -7/65 HPs)
             Began as a Demonspawn Gladiator on Feb 5, 2023.
             Mangled by Prince Ribbit (10 damage)
             ... on level 5 of the Dungeon.
             The game lasted 00:06:25 (4575 turns).

BubbleThief the Poker (Demonspawn Gladiator)        Turns: 4575, Time: 00:06:26

Health: -7/65      AC: 10    Str: 17    XL:     8   Next: 25%
Magic:  8/8        EV:  7    Int:  9    God:
Gold:   215        SH:  0    Dex: 15    Spells: 7/7 levels left

rFire   . . .      SeeInvis .    E - +0 trident
rCold   . . .      Faith    +    (no shield)
rNeg    . . .      Spirit   .    G - +0 chain mail
rPois   .          Reflect  .    c - +0 helmet
rElec   .          Harm     .    (no cloak)
rCorr   .          Rampage  .    (no gloves)
Will    .....                    (no boots) Stlth
                                 y - amulet of faith
HPRegen 0.30/turn                (no ring)
MPRegen 0.11/turn                (no ring)

@: no status effects
A: hooves 2, rugged brown scales 1, demonic guardian 2, foul stench 1
a: no special abilities


You were on level 5 of the Dungeon.
You visited 1 branch of the dungeon, and saw 5 of its levels.

You collected 215 gold pieces.

Inventory:

Hand Weapons
 a - a +0 trident
 E - a +0 trident (weapon)
Missiles
 d - 3 throwing nets
 e - a javelin
 z - 4 atropa-tipped darts (quivered)
Armour
 b - a +0 leather armour
 c - a +0 helmet (worn)
 j - a +0 pair of boots
 G - a +0 chain mail (worn)
Jewellery
 v - a ring of fire
 y - an amulet of faith (around neck)
 F - a ring of positive energy
Wands
 C - a wand of flame (16)
Scrolls
 g - a scroll of silence {unknown}
 h - 5 scrolls of identify {unknown}
 k - 2 scrolls of teleportation {unknown}
 l - 2 scrolls of brand weapon {unknown}
 n - 2 scrolls of enchant weapon {unknown}
 o - a scroll of magic mapping {unknown}
 r - a scroll of fear {unknown}
 s - 2 scrolls of fog {unknown}
 t - a scroll of amnesia {unknown}
 u - 2 scrolls of poison {unknown}
 A - 2 scrolls of vulnerability {unknown}
Potions
 f - 2 potions of ambrosia {unknown}
 i - 3 potions of curing {unknown}
 m - a potion of magic {unknown}
 p - a potion of attraction {unknown}
 q - a potion of lignification {unknown}
 w - a potion of degeneration {unknown}
 x - 2 potions of might {unknown}
 B - a potion of invisibility {unknown}
 D - 2 potions of haste
 H - a potion of resistance {unknown}


   Skills:
 + Level 6.0 Fighting
 * Level 7.9 Polearms
 - Level 1.7 Throwing
 - Level 2.6 Dodging


You had 7 spell levels left.
You didn't know any spells.
Your spell library was empty.

Dungeon Overview and Level Annotations

Branches:
Dungeon (5/15)
 Temple: D:4-7

Altars:
Uskayaw

Annotations:
D:5 1 runed translucent door, Crazy Yiuf, Prince Ribbit


Innate Abilities, Weirdness & Mutations

You have hoof-like feet.
You are partially covered in rugged brown scales. (AC +1, +3% HP)
A demonic guardian rushes to your aid.
You may rarely emit foul miasma when damaged in melee.


Message History

You throw an atropa-tipped dart.
The atropa-tipped dart hits Prince Ribbit.
Prince Ribbit resists.
Prince Ribbit is moderately wounded.
Prince Ribbit hits you but does no damage.
You hit Prince Ribbit.
Prince Ribbit is moderately wounded.
Prince Ribbit blinks!
Prince Ribbit blinks!
You see here an atropa-tipped dart.
Throw: 5 darts (atropa)
Press: ? - help, Q - select action, (/) - cycle Shift-Dir - straight line, f/p - Prince Ribbit
Aim: Prince Ribbit (moderately wounded, 41% to hit, chance to blind on hit: 3%)
You throw an atropa-tipped dart.
The atropa-tipped dart hits Prince Ribbit.
Prince Ribbit resists.
Prince Ribbit is moderately wounded.
You reach to attack!
You barely miss Prince Ribbit.
Prince Ribbit is moderately wounded.
Prince Ribbit lets out a mournful croak.
Prince Ribbit barely misses you.
You closely miss Prince Ribbit.
Prince Ribbit is moderately wounded.
Prince Ribbit closely misses you.
You puncture Prince Ribbit! Your kick misses Prince Ribbit.
Prince Ribbit is severely wounded.
Prince Ribbit hits you!
You are too injured to fight recklessly!
You are too injured to fight recklessly!
You closely miss Prince Ribbit. Your kick misses Prince Ribbit.
Prince Ribbit is severely wounded.
Prince Ribbit hits you!
* * * LOW HITPOINT WARNING * * *
A demonic guardian appears!
You closely miss Prince Ribbit. Your kick misses Prince Ribbit.
Prince Ribbit is severely wounded.
Prince Ribbit hits you!
* * * LOW HITPOINT WARNING * * *
Prince Ribbit attacks as you move away! Prince Ribbit hits you!
You die...

.......# ......##
.......# .......#####
......##...######## #
......'...........# .#
......##..........# ..#
......##..........# ...#
...............F@.#....#
..)..........(.4..'....#
......##....##...##$..##
......##...)###### ####
########.....# #......#
#......# ##....## ######


You could see Prince Ribbit (ally target) and a friendly rust devil (summoned).

Vanquished Creatures
  Grinder (D:5)
  2 phantoms
  A necrophage (D:4)
  A scorpion (D:5)
  2 jellies
  2 hounds (D:5)
  An orc priest (D:5)
  6 iguanas
  An orc wizard (D:5)
  2 gnolls (D:4)
  4 adders
  An ufetubus (D:5)
  2 worms
  2 dart slugs (D:1)
  5 orcs (D:5)
  4 ball pythons
  4 endoplasms
  4 giant cockroaches
  8 goblins
  9 hobgoblins
  4 jackals (D:3)
  8 quokkas
  11 bats
  2 frilled lizards
  7 kobolds
  4 rats
98 creatures vanquished.

Vanquished Creatures (collateral kills)
  A phantom (D:5)
  A necrophage (D:5)
  A hound (D:5)
  A gnoll bouda (D:4)
  An orc wizard (D:4)
  Ijyb (D:5)
  2 gnolls (D:4)
  2 orcs (D:4)
  A goblin (D:4)
  A quokka (D:4)
12 creatures vanquished.

Grand Total: 110 creatures vanquished

Notes
Turn   | Place    | Note
-------+----------+-------------------------------------------
     0 | D:1      | BubbleThief the Demonspawn Gladiator began the quest for
                  | the Orb.
     0 | D:1      | Reached XP level 1. HP: 16/16 MP: 1/1
   102 | D:1      | Reached skill level 3 in Polearms
   108 | D:1      | Gained mutation: You are partially covered in rugged brown
                  | scales. (AC +1, +3% HP) [demonic ancestry]
   108 | D:1      | Reached XP level 2. HP: 15/22 MP: 2/2
   609 | D:1      | Gained mutation: You have large cloven feet. [demonic
                  | ancestry]
   609 | D:1      | Reached XP level 3. HP: 23/28 MP: 3/3
  1534 | D:2      | Reached skill level 4 in Polearms
  1689 | D:3      | Gained mutation: A weak demonic guardian rushes to your
                  | aid. [demonic ancestry]
  1689 | D:3      | Reached XP level 4. HP: 35/35 MP: 4/4
  2589 | D:4      | Noticed a necrophage
  2597 | D:4      | Killed a necrophage
  2598 | D:4      | Reached XP level 5. HP: 35/42 MP: 5/5
  2638 | D:4      | Found a hide-covered altar of Uskayaw.
  2668 | D:4      | Reached skill level 5 in Polearms
  2677 | D:4      | Gained mutation: You have hoof-like feet. [demonic
                  | ancestry]
  2677 | D:4      | Reached XP level 6. HP: 6/49 MP: 6/6
  3454 | D:5      | Entered Level 5 of the Dungeon
  3467 | D:5      | Reached skill level 6 in Polearms
  3532 | D:5      | Gained mutation: A demonic guardian rushes to your aid.
                  | [demonic ancestry]
  3532 | D:5      | Reached XP level 7. HP: 33/56 MP: 7/7
  3880 | D:5      | Reached skill level 5 in Fighting
  3986 | D:5      | Reached skill level 7 in Polearms
  4119 | D:5      | Gained mutation: You may rarely emit foul miasma when
                  | damaged in melee. [demonic ancestry]
  4119 | D:5      | Reached XP level 8. HP: 56/64 MP: 8/8
  4246 | D:5      | Found a runed translucent door.
  4247 | D:5      | Noticed Crazy Yiuf
  4271 | D:5      | Noticed Grinder
  4289 | D:5      | Paralysed by Grinder for 4 turns
  4296 | D:5      | Killed Grinder
  4456 | D:5      | Noticed Ijyb
  4470 | D:5      | Killed Ijyb
  4554 | D:5      | Noticed Prince Ribbit
  4574 | D:5      | HP: 3/65 [Prince Ribbit (8)]
  4575 | D:5      | Mangled by Prince Ribbit

Illustrated notes

Levels and vault maps discovered:
D:1:      lightli_arrival_statue_moat, layout_basic, minmay_unequal
D:2:      layout_rooms
D:3:      layout_loops_ring, minmay_tree_intersection, minmay_puff
D:4:      layout_loops_ring, mainiacjoe_overflow_24_doors
D:5:      minmay_octagon_keep, layout_gridville, uniq_prince_ribbit1,
          uniq_crazy_yiuf_cottage, uniq_ijyb, uniq_grinder

Skill      XL: |  1  2  3  4  5  6  7  8 |
---------------+-------------------------+-----
Polearms       | 3 4 5 6 7 |  7.9
Fighting       | 3 4 5 6 |  6.0
Throwing       | |  1.7
Dodging        | |  2.6

Action                     |  1- 3 |  4- 6 |  7- 9 || total
---------------------------+-------+-------+-------++-------
  Melee: Trident           |   146 |   141 |   124 ||   411
         Kick              |    10 |    25 |    28 ||    63
         Punch             |       |     1 |     2 ||     3
  Throw: Dart              |       |       |     2 ||     2
  Evoke: Wand              |       |       |     3 ||     3
    Use: Potion            |     1 |       |       ||     1
   Stab: Sleeping          |     2 |     2 |       ||     4
 Armour: Leather armour    |    50 |    21 |    19 ||    90
         Chain mail        |       |       |     5 ||     5
  Dodge: Dodged            |    88 |    70 |    50 ||   208

Table legend: (Time is in decaauts)
 A = Elapsed time spent in this place.
 B = Non-inter-level travel time spent in this place.
 C = Inter-level travel time spent in this place.
 D = Time resting spent in this place.
 E = Time spent auto-exploring this place.
 F = Levels seen in this place.
 G = Mean time per level.
                   A        B        C        D        E       F      G
               +--------+--------+--------+--------+--------+-----+--------+
         Total |   4593 |   4455 |    138 |      4 |   3451 |   5 |  918.6 |
       Dungeon |   4593 |   4455 |    138 |      4 |   3451 |   5 |  918.6 |
               +--------+--------+--------+--------+--------+-----+--------+

Top non-repeatable levels by time:
     D:5: 1114 daAuts
     D:1: 1103 daAuts
     D:4: 1060 daAuts
     D:3: 715 daAuts
     D:2: 599 daAuts
